 Dungeon Crawl Stone Soup version 0.29-a0-509-g793eeb5391 (webtiles) character file.

Game seed: 12721599811707123411

368 Morbidden the Conjurer (level 6, 0/43 HPs)
             Began as a Demonspawn Conjurer on May 29, 2022.
             Killed from afar by an orc wizard (8 damage)
             ... with a magic dart
             ... on level 3 of the Dungeon.
             The game lasted 00:03:38 (3866 turns).

Morbidden the Conjurer (Demonspawn Conjurer)        Turns: 3866, Time: 00:03:39

Health: 0/43       AC:  3    Str:  8    XL:     6   Next: 41%
Magic:  10/12      EV: 12    Int: 21    God:
Gold:   263        SH:  0    Dex: 11    Spells: 6/13 levels left

rFire   . . .      SeeInvis .     - Unarmed
rCold   . . .      Faith    .   (no shield)
rNeg    . . .      Spirit   .   a - +0 robe
rPois   .          Reflect  .   l - +0 helmet
rElec   .          Harm     .   (no cloak)
rCorr   .          Rampage  .   (no gloves)
Will    .....                   (no boots)
Stlth   ++........              o - amulet of magic regeneration
HPRegen 0.14/turn               (no ring)
MPRegen 0.53/turn               (no ring)

@: no status effects
A: hooves 1, spiny 1
a: no special abilities


You were on level 3 of the Dungeon.
You visited 1 branch of the dungeon, and saw 4 of its levels.

You collected 263 gold pieces.

Inventory:

Missiles
 i - 6 javelins (quivered)
 j - 8 poisoned darts
Armour
 a - a +0 robe (worn)
 l - a +0 helmet (worn)
Jewellery
 o - an amulet of magic regeneration (around neck)
Scrolls
 b - a scroll of blinking {unknown}
 c - 3 scrolls of identify {unknown}
 e - a scroll of summoning {unknown}
 f - 2 scrolls of enchant weapon {unknown}
 g - a scroll of amnesia {unknown}
 m - a scroll of brand weapon {unknown}
 p - a scroll of torment {unknown}
 s - a scroll of immolation {unknown}
Potions
 d - 2 potions of brilliance
 h - a potion of might {unknown}
 k - a potion of flight {unknown}
 q - a potion of curing {unknown}
 r - 2 potions of heal wounds {unknown}
 t - a potion of cancellation {unknown}


   Skills:
 * Level 1.6 Fighting
 + Level 0.8 Throwing
 * Level 2.3 Dodging
 + Level 2.2 Stealth
 + Level 0.1 Shields
 * Level 1.3 Unarmed Combat
 * Level 4.0 Spellcasting
 * Level 5.5 Conjurations


You had 6 spell levels left.
You knew the following spells:

 Your Spells              Type           Power      Damage    Failure   Level
a - Magic Dart            Conj           100%       1d8       1%          1
b - Searing Ray           Conj           54%        2d6       1%          2
c - Iskenderun's Mystic   Conj/Tloc      15%        2d5       36%         4

Your spell library contained the following spells:

 Spells                   Type           Power      Damage    Failure   Level
 Freeze                   Ice            16%        1d4       12%         1
 Dazzling Flash           Conj/Hex       30%        N/A       12%         3
 Mephitic Cloud           Conj/Pois/Air  11%        N/A       17%         3
 Frozen Ramparts          Ice            8%         1d2       34%         3
 Ignite Poison            Fire/Tmut/Pois 4%         N/A       34%         3
 Fulminant Prism          Conj/Hex       7%         3d7       36%         4
 Hailstorm                Conj/Ice       15%        3d5       36%         4
 Irradiate                Conj/Tmut      7%         3d15      71%         5
 Freezing Cloud           Conj/Ice/Air   5%         6-21      83%         5
 Blade Hands              Tmut           2%         N/A       97%         5
 Dragon Form              Tmut           2%         N/A       100%        7


Dungeon Overview and Level Annotations

Branches:
Dungeon (4/15)
 Temple: D:4-7

Altars:
Nemelex Xobeh

Annotations:
D:3 1 runed translucent door, Crazy Yiuf


Innate Abilities, Weirdness & Mutations

You have large cloven feet.
You are partially covered in sharp spines.


Message History

The orc wizard closely misses you. The orc closely misses you.
Unknown command.
Unknown command.
You're too confused to cast spells.
You bump into the rock wall.
You feel less confused. The orc hits you with a +0 club.
The orc wizard is struck by your spines.
The orc wizard misses you. The orc hits you with a +0 short sword.
Attack: -) Nothing wielded
Press: ? - help, Dir - move target, f/p - orc wizard
Aim: an orc wizard, wielding a +0 dagger and wearing a +0 robe (heavily wounded, about 55% to evade your hands)
Okay, then.
Unknown command.
Unknown command.
Unknown command.
Unknown command.
The orc priest invokes the aid of Beogh against you.
Beogh smites you!
* * * LOW HITPOINT WARNING * * *
Casting: Magic Dart (safe; 1% risk of failure)
Confirm with . or Enter, or press ? or * to list all spells.
Aiming: Searing Ray (safe; 1% risk of failure)
Press: ? - help, Shift-Dir - straight line, f - orc, p - orc wizard
Aim: an orc, wielding a +0 short sword (79% to hit)
The searing ray hits the orc.
You kill the orc!
The searing ray hits the orc priest!
The orc priest is severely wounded.
The searing ray misses the orc. (Press . to maintain the ray.)
The orc priest calls upon Beogh to heal something.
Unknown command.
The searing ray hits the orc!
You kill the orc!
The searing ray hits the orc wizard.
The orc wizard is almost dead.
The orc wizard points at you and mumbles some strange words.
The magic dart hits you!
You die...

#...... #.# #.#
###.#.#)# #.# #.#
....#.#.# #.# #.#
#.....# #.# #.#
#...).####.# #.# ### #
#...oo))...####.######
..# .#
#...o)####............
..#..###
#<###)####.####.######
........ #. #@.....#
#.###### ..#.... #.#
#..###.####...."..
..#..##<...#.#
#........##.######
..#... .......
...###.#.##.# ..#..#
#...#.# ##.# #.#.##.#
..#..# #...#.# .#
#......# ..#..#
#...#.# .# ###.##.#
.....# #...#.# .#
#.....# .....#
#...#.####.# ##.####


You could see an orc priest, an orc wizard and an orc.

Vanquished Creatures
  Grinder (D:3)
  A scorpion (D:3)
  Robin (D:3)
  3 adders
  3 worms (D:2)
  4 dart slugs
  4 orcs
  8 bats
  3 endoplasms
  6 giant cockroaches
  11 goblins
  7 hobgoblins
  2 quokkas (D:1)
  12 ball pythons
  4 frilled lizards
  3 kobolds
  5 rats
78 creatures vanquished.

Notes
Turn   | Place    | Note
-------+----------+-------------------------------------------
     0 | D:1      | Morbidden the Demonspawn Conjurer began the quest for the
                  | Orb.
     0 | D:1      | Reached XP level 1. HP: 13/13 MP: 3/3
   344 | D:1      | Gained mutation: You have large cloven feet. [demonic
                  | ancestry]
   344 | D:1      | Reached XP level 2. HP: 19/19 MP: 3/5
   371 | D:1      | Learned a level 2 spell: Searing Ray
  1214 | D:1      | Reached XP level 3. HP: 25/25 MP: 3/6
  1457 | D:1      | Found a faded altar of an unknown god.
  1905 | D:2      | Reached XP level 4. HP: 31/31 MP: 0/7
  2417 | D:3      | Found a sparkling altar of Nemelex Xobeh.
  2494 | D:3      | Found a runed translucent door.
  2495 | D:3      | Noticed Crazy Yiuf
  2584 | D:3      | You fall into a shaft and drop 1 floor!
  3027 | D:3      | Noticed a scorpion
  3039 | D:3      | Killed a scorpion
  3040 | D:3      | Reached skill level 5 in Conjurations
  3040 | D:3      | Reached XP level 5. HP: 13/36 MP: 6/10
  3296 | D:3      | Learned a level 4 spell: Iskenderun's Mystic Blast
  3366 | D:3      | Noticed Grinder
  3370 | D:3      | Paralysed by Grinder for 2 turns
  3385 | D:3      | Killed Grinder
  3386 | D:3      | Reached skill level 1 in Fighting
  3386 | D:3      | Reached skill level 1 in Unarmed Combat
  3386 | D:3      | Gained mutation: You are partially covered in sharp spines.
                  | [demonic ancestry]
  3386 | D:3      | Reached XP level 6. HP: 4/43 MP: 1/11
  3812 | D:3      | Noticed Robin
  3815 | D:3      | Killed Robin
  3866 | D:3      | Killed from afar by an orc wizard

Illustrated notes

Levels and vault maps discovered:
D:1:      shiori_arrival_maze, layout_basic,
          shapermc_ecumenical_altar_mp_urbaneastern
D:2:      layout_rooms, minmay_vboxes
D:3:      layout_basic, lemuel_tele_altar, uniq_crazy_yiuf_cottage, uniq_robin,
          uniq_grinder
D:4:      layout_loops_corners, dreamdust_wishing_well

Skill      XL: |  1  2  3  4  5  6 |
---------------+-------------------+-----
Stealth        | 2 |  2.2
Dodging        | 2 |  2.3
Spellcasting   | 3 4 |  4.0
Conjurations   | 5 |  5.5
Fighting       | 1 |  1.6
Unarmed Combat | 1 |  1.3
Throwing       | |  0.8
Shields        | |  0.1

Action                   |  1- 3 |  4- 6 || total
-------------------------+-------+-------++-------
Melee: Unarmed           |     9 |    10 ||    19
       Kick              |       |     4 ||     4
Throw: Dart              |       |     5 ||     5
       Javelin           |       |     7 ||     7
 Cast: Magic Dart        |    73 |    81 ||   154
       Searing Ray       |     2 |     3 ||     5
  Use: Potion            |       |     2 ||     2
Armor: Robe              |     8 |     6 ||    14
Dodge: Dodged            |     9 |    24 ||    33
Block: Other             |       |     5 ||     5

Table legend: (Time is in decaauts)
 A = Elapsed time spent in this place.
 B = Non-inter-level travel time spent in this place.
 C = Inter-level travel time spent in this place.
 D = Time resting spent in this place.
 E = Time spent auto-exploring this place.
 F = Levels seen in this place.
 G = Mean time per level.
                   A        B        C        D        E       F      G
               +--------+--------+--------+--------+--------+-----+--------+
         Total |   3868 |   3823 |     45 |    116 |   3259 |   4 |  967.0 |
       Dungeon |   3868 |   3823 |     45 |    116 |   3259 |   4 |  967.0 |
               +--------+--------+--------+--------+--------+-----+--------+

Top non-repeatable levels by time:
     D:1: 1485 daAuts
     D:3: 1275 daAuts
     D:2: 911 daAuts
     D:4: 195 daAuts
